 Dungeon Crawl Stone Soup version 0.15-a0-1345-gc375f20 (webtiles) character file.

119 Quh the Shooter (level 4, -2/32 HPs)
             Began as a Demonspawn Hunter on June 8, 2014.
             Slain by an orc
             ... wielding a +1,+0 hand axe
              (5 damage)
             ... on Level 3 of the Dungeon.
             The game lasted 00:08:35 (2254 turns).

Quh the Shooter (Demonspawn Hunter)                 Turns: 2254, Time: 00:08:35

HP  -2/32        AC  3     Str 13      XL: 4   Next: 73%
MP   0/4         EV 11     Int 12      God:
Gold 93          SH  0     Dex 14      Spells:  0 memorised,  3 levels left

rFire  . . .     SeeInvis .     b - +1 shortbow
rCold  . . .     Clarity  .     m - +0 leather armour
rNeg   . . .     rCorr    .     (no shield)
rPois  .         rRot     .     (no helmet)
rElec  .         Spirit   +     (no cloak)
SustAb .         Warding  .     (no gloves)
rMut   .         Stasis   .     (no boots)
Gourm  .                        s - amulet of guardian spirit
MR     .....                    (no ring)
                                (no ring)

@: not resistant to hostile enchantments, unstealthy
A: hooves 1, nightstalker 1
a: no special abilities


You were on level 3 of the Dungeon.
You were not hungry.

You visited 1 branch of the dungeon, and saw 3 of its levels.

You collected 93 gold pieces.

Inventory:

Hand weapons
 a - a +0,+0 short sword
 b - a +1,+1 shortbow (weapon)
 i - a +0,+0 short sword
Missiles
 c - 46 arrows (quivered)
 g - 15 arrows of dispersal
 q - 20 stones
 v - 5 javelins
Armour
 d - a +0 leather armour
 m - a +0 leather armour (worn)
 y - a +0 chain mail
Comestibles
 f - a bread ration
 l - 2 beef jerkies
 A - a chunk of hobgoblin flesh
Scrolls
 e - 2 scrolls of identify {unknown}
 j - a scroll of fear {unknown}
 n - a scroll of enchant armour {unknown}
 o - a scroll of remove curse {unknown}
 p - 2 scrolls of immolation {unknown}
 r - a scroll of random uselessness {unknown}
 u - a scroll of enchant weapon I {unknown}
Jewellery
 s - an amulet of guardian spirit (around neck)
 z - an uncursed ring of fire {unknown}
Potions
 h - a potion of confusion {unknown}
 k - 2 potions of haste {unknown}
 t - a potion of heal wounds {unknown}
 w - a potion of cure mutation {unknown}


   Skills:
 - Level 1.0 Fighting
 * Level 5.6 Bows
 - Level 1.7 Dodging
 - Level 0.8 Stealth


You had 3 spell levels left.
You didn't know any spells.

Dungeon Overview and Level Annotations

Branches:
Dungeon (3/15)

Altars:
Sif Muna

Annotations:
D:2 Sigmund
D:3 Restia's ghost, average DsMo


Innate Abilities, Weirdness & Mutations

You have large cloven feet.
You are slightly more attuned to the shadows.


Message History

You shoot an arrow.
You hear a zap.
The puff of flame hits you!
You hear a zap.
The puff of flame hits you!
You hear a zap.
The puff of flame hits you!
* * * LOW HITPOINT WARNING * * *
There is a stone staircase leading down here.
Sigmund looks at you with fury.
Sigmund zaps a wand.
The puff of flame hits you!
* * * LOW HITPOINT WARNING * * *
You climb downwards.
Restia's ghost (average Demonspawn Monk) comes into view.
There is a stone staircase leading up here.
Restia's ghost is nearby!
An orc comes into view. It is wielding a hand axe.
The orc shouts!
The orc hits you with a hand axe!
You die...

#..<.##
###.....#
#.....#.#
#.....#.#
#....## ..
##..W# ..#
#...##.....
#...o..#
###@...#
#....#
#.#....#
..#....#
.......
.### ### #


You could see Restia's ghost and an orc.

Vanquished Creatures
  Jessica (D:2)
  3 gnolls (D:2)
  2 adders (D:2)
  A worm (D:2)
  7 bats
  4 giant cockroaches
  2 goblins (D:1)
  4 hobgoblins
  14 jackals (D:1)
  2 giant geckos (D:1)
  3 giant newts
  6 kobolds
  4 rats
53 creatures vanquished.

Notes
Turn   | Place    | Note
--------------------------------------------------------------
     0 | D:1      | Quh, the Demonspawn Hunter, began the quest for the Orb.
     0 | D:1      | Reached XP level 1. HP: 15/15 MP: 1/1
    91 | D:1      | Reached skill level 4 in Bows
    94 | D:1      | Gained mutation: You have large cloven feet. [demonic ancestry]
    94 | D:1      | Reached XP level 2. HP: 11/21 MP: 2/2
   893 | D:1      | Gained mutation: You are slightly more attuned to the shadows. [demonic ancestry]
   893 | D:1      | Reached XP level 3. HP: 18/26 MP: 3/3
  1396 | D:2      | Noticed Jessica
  1401 | D:2      | Killed Jessica
  1401 | D:2      | Reached skill level 5 in Bows
  1406 | D:2      | Reached XP level 4. HP: 32/32 MP: 4/4
  1461 | D:2      | Found a deep blue altar of Sif Muna.
  2200 | D:2      | Noticed Sigmund
  2246 | D:3      | Noticed Restia's ghost (average DsMo)
  2254 | D:3      | Slain by an orc

Action                   |  1- 3 |  4- 6 || total
-------------------------+-------+-------++-------
Melee: Short sword       |   114 |    47 ||   161
 Fire: Shortbow          |    28 |    24 ||    52
 Stab: Sleeping          |       |     2 ||     2
